 Dungeon Crawl Stone Soup version 0.31-a0-841-g038b102fc3 (webtiles) character file.

Game seed: 15908410905765993400

313 mcwallace the Magician (level 6, -3/35 HPs)
             Began as a Deep Elf Air Elementalist on Sept 28, 2023.
             Slain by a killer bee (7 damage)
             ... on level 4 of the Dungeon.
             The game lasted 00:06:34 (3406 turns).

mcwallace the Magician (Deep Elf Air Elementalist)  Turns: 3406, Time: 00:06:35

Health: -3/35      AC:  4    Str:  5    XL:     6   Next: 19%
Magic:  8/14       EV: 13    Int: 22    God:
Gold:   166        SH:  0    Dex: 15    Spells: 10/14 levels left

rFire   . . .        j - +2 great sword (drain) {long}
rCold   . . .        (shield currently unavailable)
rNeg    . . .        a - +0 robe
rPois   .            (no helmet)
rElec   .            (no cloak)
rCorr   .            (no gloves)
SInv    .            p - +1 pair of boots
Will    .....        (no amulet)
Stlth   +++          (no ring)
HPRegen 0.25/turn    (no ring)
MPRegen 0.14/turn

%: no passive effects
@: swift, very quick
A: no striking features
a: no special abilities


You were on level 4 of the Dungeon.
You visited 1 branch of the dungeon, and saw 4 of its levels.

You collected 166 gold pieces.


   Skills:
 + Level 1.7 Fighting
 + Level 3.9 Dodging
 + Level 4.1 Stealth
 + Level 4.6 Spellcasting
 + Level 2.8 Conjurations
 + Level 3.9 Air Magic


You had 10 spell levels left.
You knew the following spells:

 Your Spells              Type           Power      Damage    Failure   Level
a - Shock                 Conj/Air       76%        1d7       2%          1
b - Swiftness             Air            22%        N/A       6%          3

Your spell library contained the following spells:

 Spells                   Type           Power      Damage    Failure   Level
 Static Discharge         Conj/Air       38%        2-4/arc   4%          2
 Slow                     Hex            20%        N/A       11%         1
 Ensorcelled Hibernation  Hex/Ice        10%        N/A       16%         2
 Passwall                 Tmut/Erth      4%         N/A       16%         2
 Dazzling Flash           Conj/Hex       22%        N/A       19%         3
 Airstrike                Air            11%        2d(2-18)  22%         4
 Confusing Touch          Hex            5%         N/A       32%         3
 Sigil of Binding         Hex            5%         N/A       32%         3
 Vampiric Draining        Necr           5%         2d6       32%         3
 Volatile Blastmotes      Fire/Tloc      10%        2d10      32%         3
 Iskenderun's Battlesphe  Conj           17%        2d7       67%         5
 Bombard                  Conj/Erth      5%         9d2       100%        6
 Starburst                Conj/Fire      5%         6d4       100%        6
 Spellforged Servitor     Conj/Summ      5%         N/A       100%        7
 Maxwell's Capacitive Co  Air            11%        ∞         100%        8

Inventory:

Hand Weapons
 f - a +0 dagger {short}
   (You took it off a goblin on level 1 of the Dungeon)
 i - a +1 dagger of venom {short}
   (You took it off a goblin on level 1 of the Dungeon)
 j - a +2 great sword of draining (weapon) {long}
   (You found it on level 1 of the Dungeon)
Missiles
 h - 2 poisoned darts {throwing}
 n - 41 stones {throwing}
 q - 4 atropa-tipped darts {throwing}
 s - 3 boomerangs {throwing}
Armour
 a - a +0 robe (worn)
 g - a +0 chain mail
   (You found it on level 1 of the Dungeon)
 k - a +0 robe
   (You found it on level 1 of the Dungeon)
 o - a +0 robe
   (You found it on level 2 of the Dungeon)
 p - a +1 pair of boots (worn)
   (You found it on level 2 of the Dungeon)
 t - a +0 leather armour
   (You took it off an orc on level 3 of the Dungeon)
 w - a +0 leather armour
   (You took it off an orc on level 3 of the Dungeon)
 y - a +0 ring mail
   (You found it on level 4 of the Dungeon)
 A - a +0 chain mail
   (You found it on level 4 of the Dungeon)
Scrolls
 m - 4 scrolls of identify {unknown}
 v - a scroll of summoning {unknown}
 x - 2 scrolls of noise {unknown}
 z - a scroll of teleportation {unknown}
 D - a scroll of fear {unknown}
Potions
 b - a potion of magic
 c - 2 potions of heal wounds {@q2}
 d - a potion of might {unknown}
 e - 2 potions of curing {unknown}
 l - 3 potions of mutation {unknown}
 r - 2 potions of lignification {unknown}
 u - 2 potions of resistance {unknown}
 B - a potion of attraction {unknown}
 C - a potion of brilliance {unknown}
 E - a potion of enlightenment {unknown}

Dungeon Overview and Level Annotations

Branches:
Dungeon (4/15) Zot: 20590
 Temple: D:4-7

Altars:
Xom

Annotations:
D:4 2 runed translucent doors

#.# #.# #.# ##+## #.###.###.# #.#
# #####.........# #.# ##
#..###.##.##.## ##.## .## #..#
#.##.##.# ##...##
..#+####+####'###.##.##.###.....#
..............y##.##......##.....
.............y.y#.#####.#)###.###
.............y.y@.# #....##.###
..#+####'####'###.#####..........
.## #.....#..# #..........##.###
## #.....#..# #############.#
####.....#### #.### #..#.....#..#
#.... #..'.....'..# #.###
####'###'#### #.# #..#..# #.#


You could see 5 killer bees.


Message History

You see here a scroll labelled SIKKACH XECWY.
Aiming: Shock (safe; 2% risk of failure)
Press: ? - help, Q - select action, (/) - cycle Shift-Dir - straight line, f - killer bee
Aim: a killer bee (asleep, 100% to hit)
The zap hits the killer bee but does no damage.
The killer bee buzzes angrily. 😎 MP[-1]
You lost 1 mp, and now have 13/14 mp.
Aiming: Shock (safe; 2% risk of failure)
Press: ? - help, Q - select action, (/) - cycle Shift-Dir - straight line, f/p - killer bee
Aim: a killer bee (43% to hit)
The zap hits the killer bee!
A killer bee comes into view. 😎 MP[-1]
You lost 1 mp, and now have 12/14 mp.
Aiming: Shock (safe; 2% risk of failure)
Press: ? - help, Q - select action, (/) - cycle Shift-Dir - straight line, f/p - killer bee
Aim: a killer bee (heavily wounded, 43% to hit)
The zap hits the killer bee. x2
The killer bee buzzes angrily.
The killer bee misses you. 😎 MP[-1]
You lost 1 mp, and now have 11/14 mp.
Aiming: Shock (safe; 2% risk of failure)
Press: ? - help, Q - select action, (/) - cycle Shift-Dir - straight line, f/p - killer bee
Aim: a killer bee (severely wounded, 43% to hit)
The zap hits the killer bee.
You kill the killer bee!
The zap hits the killer bee.
You hear an angry buzzing noise.
A killer bee comes into view. x3
The killer bee buzzes angrily. 😎 HP[+1] MP[-1]
You now have 35 max hp (+1).
Your hp is fully restored (35).
You lost 1 mp, and now have 10/14 mp.
Aiming: Shock (safe; 2% risk of failure)
Press: ? - help, Q - select action, (/) - cycle Shift-Dir - straight line, f - killer bee
Aim: a killer bee (lightly wounded, 43% to hit)
The zap hits the killer bee. x2; The zap misses the killer bee.
A killer bee comes into view.
The killer bee barely misses you. 😎 MP[-1]
You lost 1 mp, and now have 9/14 mp.
Casting: Shock (safe; 2% risk of failure)
Confirm with . or Enter, or press ? or * to list all spells.
You feel quick.
The killer bee barely misses you. x2 😎 MP[-2]
You lost 2 mp, and now have 7/14 mp.
The killer bee stings you!
You are poisoned.
The killer bee poisons you! 😕 HP[-7]
You take 7 damage, and now have 28/35 hp.
You feel sick.
The killer bee attacks as it pursues you!
The killer bee stings you but does no damage. 😮 HP[-2]
You take 2 damage, and now have 26/35 hp.
You feel sick.
You feel sick. 😮 HP[-1]
You take 1 damage, and now have 25/35 hp.
You feel sick.
The killer bee attacks as it pursues you!
The killer bee stings you. 😮 HP[-6]
You take 6 damage, and now have 19/35 hp.
You feel sick. 😮 HP[-1]
You take 1 damage, and now have 18/35 hp.
You feel sick.
The killer bee attacks as it pursues you!
The killer bee stings you but does no damage.
The killer bee attacks as it pursues you!
The killer bee closely misses you. The killer bee stings you.
* * * LOW HITPOINT WARNING * * *
😨 HP[-2] MP[+1]
You take 2 damage, and now have 16/35 hp.
You feel sick.
You are no longer poisoned. 😨 HP[-1]
You take 1 damage, and now have 15/35 hp.
The killer bee stings you but does no damage.
The killer bee stings you.
* * * LOW HITPOINT WARNING * * *
The killer bee misses you. 😨 HP[-2]
You take 2 damage, and now have 13/35 hp. 😨 HP[+1]
The killer bee barely misses you. The killer bee stings you.
* * * LOW HITPOINT WARNING * * *
😱 HP[-6]
You take 6 damage, and now have 8/35 hp.
The killer bee barely misses you. The killer bee closely misses you.
The killer bee attacks as it pursues you!
The killer bee stings you.
* * * LOW HITPOINT WARNING * * *
The killer bee attacks as it pursues you!
The killer bee stings you!
You die...

Skill      XL: |  1  2  3  4  5 |
---------------+----------------+-----
Stealth        | 3 4 |  4.1
Dodging        | 3 |  3.9
Fighting       | 1 |  1.7
Conjurations   | 2 |  2.8
Spellcasting   | 4 |  4.6
Air Magic      | |  3.9

Action                     |  1- 3 |  4- 6 || total
---------------------------+-------+-------++-------
  Melee: Dagger            |     2 |       ||     2
         Great sword       |     5 |     8 ||    13
  Throw: Dart              |       |     2 ||     2
   Cast: Shock             |    75 |    61 ||   136
         Swiftness         |       |     1 ||     1
    Use: Potion            |       |     1 ||     1
   Stab: Sleeping          |       |     1 ||     1
 Armour: Robe              |     7 |    19 ||    26
  Dodge: Dodged            |    15 |    21 ||    36

Levels and vault maps discovered:
D:1:      minmay_arrival_semitransparent, layout_basic
D:2:      layout_rooms
D:3:      layout_basic, serial_glass, glass_columns_b, glass_columns_b,
          nicolae_titane
D:4:      due_chaos_kobolds, layout_loops_corners, fedhas_altar_decomposition,
          minmay_snake_closets

Notes
Turn   | Place    | Note
-------+----------+-------------------------------------------
     0 | D:1      | mcwallace the Deep Elf Air Elementalist began the quest for
                  | the Orb.
     0 | D:1      | Reached XP level 1. HP: 10/10 MP: 6/6
     0 | D:1      | magus.rc [v1.9.6]
   415 | D:1      | Reached XP level 2. HP: 15/15 MP: 6/8
   496 | D:1      | You pick up a book of Spectacle and begin reading...
   496 | D:1      | You add the spells Volatile Blastmotes, Dazzling Flash,
                  | Starburst and Maxwell's Capacitive Coupling to your
                  | library.
  1041 | D:2      | Reached XP level 3. HP: 20/20 MP: 7/9
  1368 | D:2      | Reached skill level 3 in Stealth
  1655 | D:3      | You pick up a book of Debilitation and begin reading...
  1655 | D:3      | You add the spells Slow, Sigil of Binding, Vampiric
                  | Draining and Confusing Touch to your library.
  1663 | D:3      | You pick up a book of Burglary and begin reading...
  1663 | D:3      | You add the spells Passwall and Ensorcelled Hibernation to
                  | your library.
  1742 | D:3      | You pick up a book of Burglary and begin reading...
  1764 | D:3      | Reached skill level 3 in Dodging
  1944 | D:3      | Reached XP level 4. HP: 24/24 MP: 6/11
  2105 | D:3      | Reached skill level 1 in Fighting
  2514 | D:4      | Reached skill level 2 in Conjurations
  2548 | D:4      | Found a large runed translucent door.
  2548 | D:4      | Found a large runed translucent door.
  2552 | D:4      | Found a shimmering altar of Xom.
  2601 | D:4      | Reached skill level 4 in Spellcasting
  2622 | D:4      | Reached XP level 5. HP: 21/29 MP: 1/13
  2721 | D:4      | Noticed an ogre
  2729 | D:4      | Killed an ogre
  2927 | D:4      | Noticed an ogre
  2936 | D:4      | HP: 1/29 [ogre/+0 giant spiked club (11)]
  3194 | D:4      | Reached skill level 4 in Stealth
  3198 | D:4      | Learned a level 3 spell: Swiftness
  3230 | D:4      | You pick up a book of Power and begin reading...
  3230 | D:4      | You add the spells Iskenderun's Battlesphere, Bombard and
                  | Spellforged Servitor to your library.
  3257 | D:4      | Reached XP level 6. HP: 34/34 MP: 10/14
  3404 | D:4      | HP: 8/35 [killer bee (6)]
  3406 | D:4      | Slain by a killer bee

Vanquished Creatures
  An ogre (D:4)
  A killer bee (D:4)
  A hound (D:4)
  5 adders
  4 gnolls (D:4)
  9 orcs
  9 ball pythons
  8 endoplasms
  2 giant cockroaches
  10 goblins
  2 hobgoblins
  3 quokkas
  2 bats (D:2)
  A frilled lizard (D:2)
  4 kobolds
  7 rats
69 creatures vanquished.

Table legend:
 A = Non-vault XP
 B = Vault XP
 C = Vault XP percentage of total XP
 D = Non-vault monster count
 E = Vault monster count
 F = Vault count percentage of total count
                 A         B        C        D         E       F
            +---------+---------+-------+---------+---------+-------
      Total |     446 |       2 |   0.4 |      67 |       2 |   2.9
            +---------+---------+-------+---------+---------+-------
        D:1 |      15 |       0 |   0.0 |       9 |       0 |   0.0
        D:2 |      44 |       0 |   0.0 |      20 |       0 |   0.0
        D:3 |      64 |       0 |   0.0 |      19 |       0 |   0.0
        D:4 |     323 |       2 |   0.6 |      19 |       2 |   9.5
            +---------+---------+-------+---------+---------+-------

Skill      XL: |  1  2  3  4  5 |
---------------+----------------+-----
Stealth        | 3 4 |  4.1
Dodging        | 3 |  3.9
Fighting       | 1 |  1.7
Conjurations   | 2 |  2.8
Spellcasting   | 4 |  4.6
Air Magic      | |  3.9

Action                     |  1- 3 |  4- 6 || total
---------------------------+-------+-------++-------
  Melee: Dagger            |     2 |       ||     2
         Great sword       |     5 |     8 ||    13
  Throw: Dart              |       |     2 ||     2
   Cast: Shock             |    75 |    61 ||   136
         Swiftness         |       |     1 ||     1
    Use: Potion            |       |     1 ||     1
   Stab: Sleeping          |       |     1 ||     1
 Armour: Robe              |     7 |    19 ||    26
  Dodge: Dodged            |    15 |    21 ||    36

Illustrated notes

Table legend:
 A = Kills in this place as a percentage of kills in the entire game.
 B = Kills by you in this place as a percentage of kills by you in the entire game.
 C = Kills by friends in this place as a percentage of kills by friends in the entire game.
 D = Other kills in this place as a percentage of other kills in the entire game.
 E = Experience gained in this place as a percentage of experience gained in the entire game.
 F = Experience gained in this place divided by the number of levels of this place that you have seen.
                   A       B       C       D       E      F
               +-------+-------+-------+-------+-------+----------------------
         Total | 100.0 | 100.0 |   N/A |   N/A | 100.0 | 112.0
       Dungeon | 100.0 | 100.0 |   N/A |   N/A | 100.0 | 112.0
               +-------+-------+-------+-------+-------+----------------------

Table legend: (Time is in decaauts)
 A = Elapsed time spent in this place.
 B = Non-inter-level travel time spent in this place.
 C = Inter-level travel time spent in this place.
 D = Time resting spent in this place.
 E = Time spent auto-exploring this place.
 F = Levels seen in this place.
 G = Mean time per level.
                   A        B        C        D        E       F      G
               +--------+--------+--------+--------+--------+-----+--------+
         Total |   3409 |   3292 |    117 |    123 |   2796 |   4 |  852.2 |
       Dungeon |   3409 |   3292 |    117 |    123 |   2796 |   4 |  852.2 |
               +--------+--------+--------+--------+--------+-----+--------+

Top non-repeatable levels by time:
     D:3: 1008 daAuts
     D:2: 819 daAuts
     D:4: 798 daAuts
     D:1: 783 daAuts
